 Dungeon Crawl Stone Soup version 0.26.0-10-g1f06aea511 (webtiles) character file.

Game seed: 2510480388734784701

65 Amaterasu the Skirmisher (level 4, -1/30 HPs)
             Began as a Gargoyle Fighter on Feb 8, 2021.
             Was an Initiate of Nemelex Xobeh.
             Slain by a wyvern (13 damage)
             ... on level 3 of the Dungeon.
             The game lasted 00:02:28 (1300 turns).

Amaterasu the Skirmisher (Gargoyle Fighter)         Turns: 1300, Time: 00:02:29

Health: -1/30      AC: 15    Str: 21    XL:     4   Next: 14%
Magic:  4/4        EV:  5    Int:  8    God:    Nemelex Xobeh [......]
Gold:   220        SH:  9    Dex:  9    Spells: 3/3 levels left

rFire    . . .     SeeInvis .   a - +0 flail
rCold    . . .     Faith    .   c - +0 kite shield
rNeg     + . .     Spirit   .   e - +0 chain mail {rPois}
rPois    ∞         Reflect  .   (no helmet)
rElec    +         Harm     .   (no cloak)
rCorr    .         Rampage  .   h - +0 pair of gloves
Will     .....                  b - +0 pair of boots
Stlth    ..........             (no amulet)
HPRegen  0.10/turn              (no ring)
MPRegen  0.09/turn              (no ring)

@: mighty
A: negative energy resistance 1, electricity resistance, unbreathing,
petrification resistance, miasma immunity, AC +3
a: Renounce Religion, Draw Escape, Draw Destruction, Draw Summoning


You were on level 3 of the Dungeon.
You worshipped Nemelex Xobeh.
Nemelex Xobeh was noncommittal.
You visited 1 branch of the dungeon, and saw 3 of its levels.

You collected 220 gold pieces.

Inventory:

Hand Weapons
 a - a +0 flail (weapon)
Armour
 b - a +0 pair of boots (worn)
 c - a +0 kite shield (worn)
 e - a +0 chain mail of poison resistance (worn)
 h - a +0 pair of gloves (worn)
Scrolls
 g - a scroll of remove curse
 j - a scroll of amnesia
 l - 5 scrolls of teleportation
Potions
 i - a potion of lignification {unknown}
 k - 3 potions of flight
 m - a potion of magic {unknown}


   Skills:
 * Level 4.5 Fighting
 + Level 3.1 Maces & Flails
 - Level 3.2 Armour
 - Level 3.2 Shields
 * Level 0.7 Invocations


You had 3 spell levels left.
You didn't know any spells.
Your spell library was empty.

Dungeon Overview and Level Annotations

Branches:
Dungeon (3/15)

Altars:
Fedhas
Nemelex Xobeh


Innate Abilities, Weirdness & Mutations

You are resistant to torment.
Your stone body is resilient. (AC +3)
You are immune to poison.
You resist negative energy. (rN+)
You are resistant to electric shocks. (rElec)
You can survive without breathing.
You are immune to petrification.
You are immune to miasma.


Message History

You hit the wyvern.
The wyvern is heavily wounded.
The wyvern bites you. You block the wyvern's attack.
You are too injured to fight recklessly!
You are too injured to fight recklessly!
You are too injured to fight recklessly!
You are too injured to fight recklessly!
You closely miss the wyvern.
The wyvern is heavily wounded.
The wyvern bites you but does no damage.
You block the wyvern's attack.
You barely miss the wyvern.
The wyvern is moderately wounded.
The wyvern bites you but does no damage.
The wyvern barely misses you.
You sock the wyvern!
The wyvern is severely wounded.
The wyvern bites you!
You die...
Your body disappears without a glow.

...♣ ♣. ###... . . #...!#.#
.. #....#.#... .......... ..
#... ..............#... .
##.l...... ....#...
..########.@.....####.....#.
.................[......#...
........................+...
........................#...
........##....#..(..........
..............#........##.##
...........................#
...................>..####..
...............######'##....


You could see a wyvern.

Vanquished Creatures
  2 adders
  2 worms (D:2)
  2 leopard geckos
  An orc (D:3)
  4 giant cockroaches (D:1)
  4 goblins (D:1)
  5 hobgoblins
  A ball python (D:1)
  4 bats
  4 frilled lizards
  4 kobolds
  5 rats
38 creatures vanquished.

Notes
Turn   | Place    | Note
-------+----------+-------------------------------------------
     0 | D:1      | Amaterasu the Gargoyle Fighter began the quest for the Orb.
     0 | D:1      | Reached XP level 1. HP: 14/14 MP: 1/1
   163 | D:1      | Reached XP level 2. HP: 20/20 MP: 2/2
   179 | D:1      | Reached skill level 4 in Fighting
   368 | D:1      | Reached XP level 3. HP: 24/24 MP: 3/3
   451 | D:1      | Found a sparkling altar of Nemelex Xobeh.
   470 | D:1      | Became a worshipper of Nemelex Xobeh the Trickster
   929 | D:2      | Found a blossoming altar of Fedhas.
  1229 | D:3      | Reached XP level 4. HP: 29/30 MP: 4/4
  1282 | D:3      | Noticed a wyvern
  1300 | D:3      | Slain by a wyvern

Illustrated notes

Levels and vault maps discovered:
D:1:      shiori_arrival_maze, layout_basic, chequers_serial_rivers_micro_b,
          grunt_decor_junction, nemelex_altar_shiori
D:2:      layout_rooms, fedhas_ov_isle_minmay
D:3:      layout_basic, grunt_qazlal_sundering, lemuel_zombie_altar_yredelemnul,
          chequers_ecumenical_altar_grove, uniq_terence

Skill      XL: |  1  2  3 |
---------------+----------+-----
Fighting       | 4 |  4.5
Maces & Flails | 3 |  3.1
Armour         | |  3.2
Shields        | |  3.2
Invocations    | |  0.7

Action                   |  1- 3 |  4- 6 || total
-------------------------+-------+-------++-------
Melee: Flail             |   120 |    23 ||   143
  Use: Scroll            |    10 |       ||    10
       Potion            |       |     2 ||     2
Armor: Chain mail        |    72 |    10 ||    82
Dodge: Dodged            |    24 |     6 ||    30
Block: Kite shield       |    77 |    18 ||    95
